 Dungeon Crawl Stone Soup version 0.23-a0-481-g60b89c1 (webtiles) character file.

7 Lavandula the Sneak (level 2, -4/18 HPs)
             Began as a Halfling Enchanter on Nov 30, 2018.
             Slain by Crazy Yiuf
             ... wielding a +4 quarterstaff of chaos
              (14 damage)
             ... on level 2 of the Dungeon.
             The game lasted 00:01:30 (161 turns).

Lavandula the Sneak (Halfling Enchanter)             Turns: 161, Time: 00:01:30

Health: -4/18      AC:  2    Str:  9    XL:     2   Next: 10%
Magic:  2/4        EV: 15    Int: 13    God:
Gold:   0          SH:  0    Dex: 14    Spells: 1/4 levels left

rFire    . . .     SeeInvis .   c - +1 short sword (venom)
rCold    . . .     Gourm    .   (shield restricted)
rNeg     . . .     Faith    .   b - +0 robe
rPois    .         Spirit   .   (no helmet)
rElec    .         Reflect  .   (no cloak)
rCorr    .         Harm     .   (no gloves)
MR       .....                  (no boots)
Stlth    ++........             (no amulet)
HPRegen  0.06/turn              (no ring)
MPRegen  0.09/turn              (no ring)

@: no status effects
A: small, mutation resistance 1
a: no special abilities


You were on level 2 of the Dungeon.
You were not hungry.

You visited 1 branch of the dungeon, and saw 2 of its levels.

Inventory:

Hand Weapons
 a - a +1 dagger
 c - a +1 short sword of venom (weapon)
Armour
 b - a +0 robe (worn)
 e - a +0 ring mail
Scrolls
 f - a scroll of identify {unknown}
Comestibles
 d - a ration


   Skills:
 + Level 1.1 Fighting
 - Level 1.6 Short Blades
 - Level 2.1 Dodging
 - Level 3.2 Stealth
 - Level 1.5 Spellcasting
 - Level 2.4 Hexes


You had one spell level left.
You knew the following spells:

 Your Spells              Type           Power        Failure   Level  Hunger
a - Corona                Hex            #......      10%         1    ##.....
b - Ensorcelled Hibernat  Hex/Ice        #.....       24%         2    ###....

Your spell library contained the following spells:

 Spells                   Type           Power        Failure   Level  Hunger
 Confuse                  Hex            #.......     30%         3    ####...
 Tukima's Dance           Hex            #.......     30%         3    ####...
 Dazzling Spray           Conj/Hex       #.....       43%         3    ####...


Dungeon Overview and Level Annotations

Branches:
Dungeon (2/15)

Altars:

Annotations:
D:2 Crazy Yiuf


Innate Abilities, Weirdness & Mutations

You are small and have problems with some larger weapons.
You are somewhat resistant to further mutation.


Message History

You open the door.
Crazy Yiuf shouts!
Crazy Yiuf screams, "Snoogle childish ladder!"
Casting: Corona (safe; 10% risk of failure)
Confirm with . or Enter, or press ? or * to list all spells.
Aiming: Ensorcelled Hibernation (safe; 24% risk of failure)
Press: ? - help, Shift-Dir - straight line, f - Crazy Yiuf
Aim: Crazy Yiuf, wielding a +4 quarterstaff of chaos and wearing a +0 cloak Crazy Yiuf looks drowsy...
Crazy Yiuf shouts!
There is an open door here.
You hit Crazy Yiuf.
Crazy Yiuf is poisoned.
Crazy Yiuf is lightly wounded.
Crazy Yiuf hits you with a +4 quarterstaff of chaos!
Crazy Yiuf freezes you.
You closely miss Crazy Yiuf.
Crazy Yiuf is lightly wounded.
Crazy Yiuf hits you with a +4 quarterstaff of chaos!
Ouch! That really hurt!
You die...

#..# #.##.###
......... #....####
########
###....##♣♣♣♣♣
(†.........♣.♣♣♣ ####
###.........♣..♣#...#
# #........♣♣♣♣.@g..#
. #.<.....♣♣ ♣♣#..)#
.....#.##♣♣ ####
#.####.# .. .)# #
.#.# .(###


You could see Crazy Yiuf.

Vanquished Creatures
  A giant cockroach (D:2)
  3 jackals (D:2)
  2 kobolds (D:1)
6 creatures vanquished.

Notes
Turn   | Place    | Note
-------+----------+-------------------------------------------
     0 | D:1      | Lavandula the Halfling Enchanter began the quest for the
                  | Orb.
     0 | D:1      | Reached XP level 1. HP: 11/11 MP: 3/3
    45 | D:2      | Found a runed door.
    93 | D:2      | Reached skill level 1 in Fighting
    93 | D:2      | Reached XP level 2. HP: 16/18 MP: 2/4
   152 | D:2      | Noticed Crazy Yiuf
   157 | D:2      | Learned a level 2 spell: Ensorcelled Hibernation
   161 | D:2      | Slain by Crazy Yiuf

Vault maps used:
D:1:      roderic_dead_forest, minivault_25
D:2:      tgw_trog, uniq_natasha, uniq_crazy_yiuf_cottage, uniq_jessica

Skill      XL: |  1 |
---------------+----+-----
Fighting       | 1 |  1.1
Short Blades   | |  1.6
Dodging        | |  2.1
Stealth        | |  3.2
Spellcasting   | |  1.5
Hexes          | |  2.4

Action                   || total
-------------------------++-------
Melee: Short sword       ||    21
 Cast: Corona            ||     2
       Ensorcelled Hiber ||     1
Armor: Robe              ||     1
Dodge: Dodged            ||    18

Table legend:
 A = Non-vault XP
 B = Vault XP
 C = Vault XP percentage of total XP
 D = Non-vault monster count
 E = Vault monster count
 F = Vault count percentage of total count
                 A         B        C        D         E       F
            +---------+---------+-------+---------+---------+-------
      Total |      11 |       0 |   0.0 |       6 |       0 |   0.0
            +---------+---------+-------+---------+---------+-------
        D:1 |       3 |       0 |   0.0 |       2 |       0 |   0.0
        D:2 |       8 |       0 |   0.0 |       4 |       0 |   0.0
            +---------+---------+-------+---------+---------+-------
